 Dungeon Crawl Stone Soup version 0.29.1-13-g9f3cf754e1 (webtiles) character file.

Game seed: 8932254962168395630

555 GigaChad the Chopper (level 7, 0/61 HPs)
             Began as a Minotaur Fighter on Jan 19, 2023.
             Was an Initiate of Trog.
             Succumbed to a gnoll bouda's poison
             ... on level 5 of the Dungeon.
             The game lasted 00:05:41 (3796 turns).

GigaChad the Chopper (Minotaur Fighter)             Turns: 3796, Time: 00:05:42

Health: 0/61       AC: 15    Str: 23    XL:     7   Next: 8%
Magic:  6/6        EV:  6    Int:  5    God:    Trog [......]
Gold:   255        SH:  4    Dex:  9    Spells: 6/6 levels left

rFire   . . .      SeeInvis .   a - +4 war axe
rCold   . . .      Faith    .   c - +0 buckler
rNeg    . . .      Spirit   .   j - +0 plate armour
rPois   .          Reflect  .   (helmet restricted)
rElec   .          Harm     .   n - +2 cloak
rCorr   .          Rampage  .   (no gloves)
Will    .....                   (no boots)
Stlth   ..........              (no amulet)
HPRegen 0.20/turn               (no ring)
MPRegen 0.10/turn               (no ring)

@: lethally poisoned (0 -> -22)
A: horns 2, retaliatory headbutt
a: Renounce Religion


You were on level 5 of the Dungeon.
You worshipped Trog.
Trog was noncommittal.
You visited 2 branches of the dungeon, and saw 6 of its levels.

You collected 255 gold pieces.

Inventory:

Hand Weapons
 a - a +4 war axe (weapon)
 l - a +0 great sword
Armour
 b - a +0 scale mail
 c - a +0 buckler (worn)
 j - a +0 plate armour (worn)
 n - a +2 cloak (worn)
Wands
 k - a wand of roots (14)
Scrolls
 g - a scroll of fog
 o - 2 scrolls of summoning
 q - a scroll of teleportation {unknown}
 s - a scroll of fear
Potions
 d - 3 potions of might
 e - 2 potions of degeneration {unknown}
 f - 2 potions of flight {unknown}
 h - a potion of invisibility {unknown}
 i - 7 potions of curing {unknown}
 m - a potion of resistance {unknown}
 p - a potion of attraction {unknown}
 t - a potion of ambrosia {unknown}


   Skills:
 + Level 5.1 Fighting
 + Level 6.5 Axes
 + Level 5.6 Armour
 + Level 1.4 Dodging
 + Level 0.1 Stealth
 + Level 4.5 Shields


You had 6 spell levels left.
You didn't know any spells.
Your spell library contained the following spells:

 Spells                   Type           Power      Damage    Failure   Level
 Blink                    Tloc           0%         N/A       100%        2
 Gell's Gravitas          Tloc           0%         N/A       100%        3
 Lesser Beckoning         Tloc           0%         N/A       100%        3
 Teleport Other           Tloc           0%         N/A       100%        3
 Manifold Assault         Tloc           0%         N/A       100%        5


Dungeon Overview and Level Annotations

Branches:
Dungeon (5/15)             Temple (1/1) D:4

Altars:
Dithmenos
Gozag
Kikubaaqudgha
Nemelex Xobeh
Ru
Sif Muna
Trog
Vehumet
Zin


Innate Abilities, Weirdness & Mutations

You have a pair of horns on your head.
You reflexively headbutt those who attack you in melee.


Message History

You kill the gnoll!
Trog accepts your kill.
You hit the gnoll bouda. The gnoll hits you but does no damage.
The gnoll bouda hits you but does no damage.
You are poisoned.
You block the gnoll bouda's attack. The gnoll hits you but does no damage.
You feel very sick. The gnoll completely misses you.
The ice beast hits you but does no damage.
The gnoll bouda hits you with a +2 whip of venom.
You are more poisoned.
Things that are here:
a +0 hand axe; an orc corpse You hit the gnoll bouda.
The gnoll bouda is heavily wounded.
You closely miss the ice beast. You hit the gnoll.
You feel very sick. You block the gnoll's attack.
The ice beast hits you but does no damage.
The gnoll bouda hits you with a +2 whip of venom.
You are lethally poisoned!
Unknown command.
Unknown command.
There is a lethal amount of poison in your body!
As you read the scroll labelled LYCIXT BUTAMAO, it crumbles to dust.
Your body is wracked with pain!
* * * LOW HITPOINT WARNING * * *
The ice beast convulses!
The gnoll bouda convulses!
The gnoll convulses!
It was a scroll of torment.
* * * LOW HITPOINT WARNING * * *
You feel extremely sick. The gnoll completely misses you.
You furiously retaliate!
You headbutt the gnoll!
You kill the gnoll!
Trog accepts your kill.
The ice beast hits you but does no damage.
You block the gnoll bouda's attack. The ice beast attacks as you move away!
The ice beast hits you but does no damage.
You die...

##.[....# #.......#
#.......###.......#
#.......#.........#
#...)...#........##
#.....).#.##..##.#
#.....#.#........#
#..##.#.#(#.####.#
###.....#.#.#).g##.###.
.......<......@)Y......
###>..........).)...##.
#........#####.....#
#...####...# ##.......
..## ###..# ##..... .#
#.# ..... .. .... ..
#.#.


You could see an ice beast and a gnoll bouda.

Vanquished Creatures
  Duvessa (D:5)
  A centaur (D:3)
  Dowan (D:5)
  A jelly (D:4)
  2 hounds
  Natasha (D:2)
  An iguana (D:5)
  Terence (D:3)
  6 gnolls
  An adder (D:3)
  A worm (D:4)
  4 dart slugs
  2 orcs
  4 bats
  10 endoplasms
  3 giant cockroaches
  14 goblins
  6 hobgoblins
  A jackal (D:3)
  6 kobolds
  5 quokkas
  6 ball pythons
  7 frilled lizards
  11 rats
96 creatures vanquished.

Notes
Turn   | Place    | Note
-------+----------+-------------------------------------------
     0 | D:1      | GigaChad the Minotaur Fighter began the quest for the Orb.
     0 | D:1      | Reached XP level 1. HP: 19/19 MP: 0/0
   123 | D:1      | Reached XP level 2. HP: 27/27 MP: 1/1
   151 | D:1      | Found a faded altar of an unknown god.
   698 | D:2      | Reached XP level 3. HP: 33/33 MP: 2/2
   744 | D:2      | Reached skill level 3 in Axes
  1121 | D:2      | Noticed Natasha
  1127 | D:2      | Killed Natasha
  1128 | D:2      | Reached XP level 4. HP: 28/40 MP: 3/3
  1462 | D:3      | Noticed a centaur
  1469 | D:3      | Killed a centaur
  1470 | D:3      | Reached skill level 4 in Axes
  1470 | D:3      | Reached skill level 1 in Dodging
  1470 | D:3      | Reached XP level 5. HP: 44/47 MP: 4/4
  1955 | D:3      | Reached skill level 5 in Armour
  2079 | D:3      | Noticed Terence
  2085 | D:3      | Reached skill level 5 in Axes
  2088 | D:3      | Killed Terence
  2095 | D:3      | Found a shimmering blue altar of Sif Muna.
  2199 | D:3      | Reached XP level 6. HP: 52/53 MP: 5/5
  2812 | D:4      | Found a staircase to the Ecumenical Temple.
  2850 | Temple   | Entered the Ecumenical Temple
  3000 | Temple   | Became a worshipper of Trog the Wrathful
  3583 | D:5      | Entered Level 5 of the Dungeon
  3583 | D:5      | Noticed Dowan
  3584 | D:5      | Noticed Duvessa
  3591 | D:5      | Killed Dowan
  3592 | D:5      | Reached skill level 6 in Axes
  3596 | D:5      | Killed Duvessa
  3597 | D:5      | Reached skill level 5 in Fighting
  3775 | D:5      | Reached XP level 7. HP: 60/61 MP: 6/6
  3796 | D:5      | Succumbed to a gnoll bouda's poison

Illustrated notes

Levels and vault maps discovered:
D:1:      psy_arrival_heroes, layout_basic,
          hellmonk_ecumenical_altar_arch_garden, st_stairs_2
D:2:      layout_loops_ring, nicolae_figureground_sparkle, uniq_natasha
D:3:      minmay_chambers_of_twos, layout_loops_ring,
          mainiacjoe_overflow_concentric_impassable, uniq_terence
D:4:      layout_loops_corners, minmay_temple_entry_glassed_door
D:5:      layout_basic, minmay_misc_feat_iff, uniq_duvessa
Temple:   hellmonk_temple_beads

Skill      XL: |  1  2  3  4  5  6 |
---------------+-------------------+-----
Armour         | 4 5 |  5.6
Fighting       | 4 5 |  5.1
Shields        | 4 |  4.5
Axes           | 3 4 5 6 |  6.5
Dodging        | 1 |  1.4
Stealth        | |  0.1

Action                   |  1- 3 |  4- 6 |  7- 9 || total
-------------------------+-------+-------+-------++-------
Melee: War axe           |    58 |    96 |     5 ||   159
       Headbutt          |     4 |    11 |     1 ||    16
  Use: Scroll            |       |    10 |     1 ||    11
Armor: Scale mail        |    35 |    27 |       ||    62
       Plate armour      |       |    48 |    13 ||    61
Dodge: Dodged            |    32 |    62 |     5 ||    99
Block: Buckler           |    12 |    32 |     7 ||    51
